Map: Dusk Towers

Players

LiquidMaNa (MaNa)

  • Race: Protoss Protoss
  • League: Grandmaster

AcerBly (Bly) - Winner!

  • Race: Zerg Zerg
  • League: Grandmaster

Event: Gauntlet Monday Night

VOD

Have the link to the VOD?

Description

Time

  • Played on: Jan. 4, 2016, 1:46 p.m.
  • Length: 35:08

All games in this series

Show
View Real Time Build Order
Export as new Build Order

LiquidMaNa Protoss 

Build Orders: Nexus First, Oracle Opening 

Get SALT Encoding   

  12  0:00  Probe (Chrono Boost)  
  13  0:11  Probe (Chrono Boost)  
  14  0:17  Pylon  
  14  0:21  Probe (Chrono Boost)  
  15  0:35  Probe (Chrono Boost)  
  16  0:45  Probe (Chrono Boost)  
  17  0:56  Nexus  
  17  1:07  Gateway  
  17  1:10  Probe (Chrono Boost)  
  18  1:16  Assimilator  
  18  1:21  Probe (Chrono Boost)  
  19  1:28  Assimilator  
  19  1:31  Probe (Chrono Boost)  
  20  1:40  Gateway  
  20  1:42  Probe (Chrono Boost)  
  21  1:56  Cybernetics Core  
  21  1:57  Zealot (Chrono Boost)  
  23  2:07  Probe (Chrono Boost)  
  23  2:08  Probe (Chrono Boost)  
  25  2:19  Probe (Chrono Boost)  
  25  2:20  Probe (Chrono Boost)  
  28  2:30  Probe (Chrono Boost)  
  28  2:31  Probe (Chrono Boost)  
  28  2:32  Adept (Chrono Boost)  
  28  2:33  Adept (Chrono Boost)  
  28  2:35  Warp Gate  
  33  2:42  Pylon  
  33  2:43  Probe (Chrono Boost)  
  34  2:46  Probe (Chrono Boost)  
  35  2:56  Probe (Chrono Boost)  
  37  2:58  Probe (Chrono Boost)  
  37  3:04  Stargate  
  37  3:07  Probe (Chrono Boost)  
  37  3:09  Probe (Chrono Boost)  
  39  3:15  Pylon  
  39  3:17  Probe (Chrono Boost)  
  38  3:24  Probe (Chrono Boost)  
  38  3:25  Sentry x2 (Chrono Boost)  
  43  3:28  Probe (Chrono Boost)  
  43  3:29  Pylon  
  44  3:36  Probe  
  44  3:39  Probe  
  46  3:42  Pylon  
  45  3:57  Nexus  
  45  3:59  Oracle (Chrono Boost)  
  45  4:02  Probe (Chrono Boost)  
  50  4:03  Pylon  
  50  4:04  Mothership Core (Chrono Boost)  
  51  4:14  Probe (Chrono Boost)  
  51  4:15  Assimilator  
  48  4:17  Assimilator  
  48  4:18  Pylon  
  48  4:20  Probe  
  49  4:25  Probe  
  49  4:27  Forge  
  50  4:34  Probe (Chrono Boost)  
  50  4:37  Probe (Chrono Boost)  
  52  4:41  Adept  
  52  4:42  Adept  
  52  4:45  Probe (Chrono Boost)  
  57  4:48  Probe (Chrono Boost)  
  57  4:50  Phoenix  
  60  4:55  Probe (Chrono Boost)  
  60  4:57  Pylon  
  60  4:58  Gateway  
  61  5:00  Probe (Chrono Boost)  
  61  5:04  Protoss Ground Weapons Level 1 (Chrono Boost)  
  61  5:06  Probe (Chrono Boost)  
  63  5:11  Probe (Chrono Boost)  
  64  5:17  Probe (Chrono Boost)  
  64  5:18  Probe (Chrono Boost), Twilight Council  
  66  5:21  Probe (Chrono Boost)  
  67  5:29  Probe x2 (Chrono Boost)  
  67  5:32  Probe (Chrono Boost), Pylon  
  67  5:35  Sentry x2  
  74  5:37  Pylon  
  74  5:42  Probe x3 (Chrono Boost)  
  77  5:44  Pylon  
  77  5:50  Charge  
  77  5:51  Gateway  
  77  5:52  Gateway  
  77  5:56  Gateway  
  77  5:58  Gateway  
  77  6:08  Zealot  
  77  6:09  Adept x2  
  83  6:18  Probe x2  
  85  6:20  Phoenix, Robotics Facility  
  87  6:28  Pylon  
  87  6:29  Adept x2  
  87  6:31  Zealot  
  90  6:34  Probe x2  
  92  6:47  Probe x2  
  92  6:48  Void Ray (Chrono Boost)  
  92  6:54  Probe  
  96  7:02  Probe  
  96  7:08  Zealot x4  
  94  7:09  Sentry x2, Immortal (Chrono Boost)  
  94  7:10  Sentry  
  94  7:13  Protoss Ground Weapons Level 2  
  104  7:21  Pylon  
  104  7:24  Pylon  
  104  7:28  Stalker x4  
  108  7:42  Stalker x3  
  108  7:44  Phoenix  
  106  7:48  Probe  
  106  7:49  Probe x2  
  106  7:50  Assimilator x2  
  111  7:55  Warp Prism (Chrono Boost)  
  113  8:02  Zealot x3  
  119  8:20  Phoenix  
  119  8:26  Observer (Chrono Boost), Zealot  
  124  8:41  Pylon  
  124  8:43  Pylon  
  124  8:44  Pylon  
  124  8:46  Robotics Facility  
  124  8:52  Nexus  
  124  8:55  Pylon  
  124  8:56  Templar Archives  
  124  8:57  Pylon x2  
  124  9:00  Immortal (Chrono Boost)  
  128  9:14  Zealot x5  
  128  9:15  Zealot x2  
  142  9:30  Psionic Storm  
  142  9:34  Immortal (Chrono Boost)  
  144  9:39  Zealot x6  
  144  9:45  Sentry  
  154  9:57  Immortal (Chrono Boost)  
  158  10:05  High Templar x3  
  158  10:06  Immortal (Chrono Boost), High Templar x3  
  158  10:10  Pylon  
  158  10:12  Photon Cannon x2  
  162  10:14  Probe x2  
  162  10:15  Probe  
  161  10:30  Immortal  
  165  10:42  High Templar x2  
  163  10:43  Photon Cannon  
  163  10:45  Photon Cannon  
  163  10:46  Assimilator  
  163  10:47  Photon Cannon  
  163  10:48  High Templar x2, Archon, Assimilator  
  167  10:52  Zealot x3  
  167  10:53  Pylon  
  167  10:54  Archon  
  167  10:56  Protoss Ground Armor Level 1 (Chrono Boost)  
  173  11:00  Forge  
  169  11:14  Zealot x3  
  169  11:15  Zealot x2  
  177  11:22  Zealot x2  
  179  11:34  Protoss Ground Weapons Level 3 (Chrono Boost)  
  177  11:54  Phoenix  
  177  11:57  Fleet Beacon  
  177  11:58  Stargate  
  175  12:04  Observer  
  149  12:19  Phoenix  
  149  12:20  Zealot x7  
  159  12:40  Probe x3  
  156  12:47  Phoenix x2 (Chrono Boost)  
  158  12:52  Stalker x4, Probe  
  158  12:58  Blink  
  156  13:04  Stalker x2  
  136  13:25  Fleet Beacon  
  135  13:29  Protoss Ground Armor Level 2  
  133  13:36  Pylon  
  133  13:39  Stalker x3  
  134  13:41  Stalker x4  
  134  13:46  Probe  
  134  13:47  Probe  
  134  13:48  Probe  
  141  13:53  Pylon  
  140  13:57  Probe  
  140  14:00  Probe  
  140  14:02  Stargate  
  142  14:03  Stargate  
  137  14:11  Anion Pulse-Crystals (Chrono Boost)  
  121  14:17  Probe  
  121  14:18  Probe x2  
  121  14:23  Phoenix  
  120  14:27  Probe  
  120  14:30  Probe x2  
  125  14:37  High Templar x4  
  125  14:38  Probe  
  133  14:41  Archon  
  133  14:42  Probe x2, Archon  
  131  14:48  Probe  
  122  14:53  Phoenix (Chrono Boost)  
  122  14:54  Probe  
  124  15:02  Phoenix (Chrono Boost)  
  126  15:19  Phoenix (Chrono Boost)  
  128  15:21  Phoenix (Chrono Boost)  
  128  15:27  Probe  
  126  15:29  Probe x2  
  126  15:45  Probe  
  126  15:47  Probe x2  
  126  15:48  Probe  
  129  15:53  Assimilator  
  129  15:56  Probe  
  130  15:58  Zealot x3  
  130  15:59  Probe, Zealot x3  
  144  16:05  Phoenix (Chrono Boost)  
  144  16:09  Phoenix (Chrono Boost)  
  148  16:16  High Templar  
  148  16:23  Protoss Air Weapons Level 1, High Templar  
  142  16:48  Probe  
  142  16:50  Probe x2  
  141  16:56  Zealot x5  
  151  17:02  Probe  
  151  17:05  Pylon  
  151  17:06  Pylon  
  150  17:12  Nexus  
  150  17:13  Pylon  
  150  17:16  Stalker x4  
  147  17:36  Pylon  
  145  17:37  Stalker x2  
  149  17:44  Phoenix (Chrono Boost)  
  149  17:48  Phoenix (Chrono Boost)  
  150  18:09  Phoenix (Chrono Boost)  
  154  18:13  Phoenix (Chrono Boost)  
  154  18:26  Nexus  
  145  18:41  Phoenix (Chrono Boost)  
  145  18:44  Phoenix (Chrono Boost)  
  133  18:48  Probe  
  133  18:49  Probe  
  133  18:50  Probe x2  
  133  18:59  Probe x2  
  135  19:03  Phoenix (Chrono Boost)  
  135  19:09  Phoenix (Chrono Boost)  
  139  19:10  Nexus  
  137  19:25  Phoenix (Chrono Boost)  
  141  19:34  Phoenix (Chrono Boost)  
  141  19:38  Zealot x2  
  141  19:54  Zealot x3  
  147  20:11  Pylon  
  145  20:23  Templar Archives  
  145  20:24  Probe  
  145  20:26  Probe x2  
  136  20:57  Probe  
  136  21:14  Probe x2  
  136  21:15  Probe  
  136  21:16  Probe x2  
  135  21:22  Assimilator  
  135  21:25  Zealot  
  131  21:28  Probe  
  131  21:31  Probe  
  131  21:32  Probe  
  130  21:54  Probe  
  130  21:55  Probe  
  130  21:56  Probe  
  131  22:02  Zealot x4  
  131  22:06  Assimilator  
  137  22:10  High Templar  
  137  22:11  High Templar  
  137  22:13  Probe x2  
  145  22:25  Phoenix (Chrono Boost)  
  141  22:36  Phoenix (Chrono Boost)  
  143  22:37  Probe  
  143  22:38  Probe x2  
  146  22:47  Probe  
  139  23:01  Phoenix (Chrono Boost)  
  139  23:04  Phoenix (Chrono Boost)  
  141  23:23  Phoenix (Chrono Boost)  
  141  23:25  High Templar x2  
  141  23:26  High Templar x2  
  153  23:29  Phoenix (Chrono Boost), Archon  
  153  23:30  Archon  
  153  23:45  Observer, Phoenix (Chrono Boost)  
  156  23:49  High Templar  
  156  23:50  High Templar  
  156  23:53  Pylon  
  156  23:54  Phoenix (Chrono Boost)  
  162  23:56  Archon  
  162  23:58  Zealot  
  162  23:59  Zealot x3  
  166  24:25  Fleet Beacon  
  165  24:36  High Templar x2  
  165  24:43  Archon  
  112  25:00  Probe  
  112  25:05  Zealot x4  
  90  25:14  Probe  
  90  25:15  Probe x2  
  90  25:16  Probe x2  
  95  25:24  High Templar x2  
  95  25:28  Probe x2  
  101  25:29  Archon  
  101  25:47  Probe  
  101  25:48  Protoss Air Weapons Level 2, Probe x2  
  101  25:49  Probe x2  
  106  26:01  Probe, High Templar  
  106  26:03  High Templar  
  109  26:35  Zealot x2  
  109  26:36  Zealot  
  109  26:38  High Templar  
  109  26:39  Zealot, High Templar  
  121  26:43  Archon  
  116  27:04  Observer  
  117  27:18  Zealot x2, High Templar x2  
  117  27:21  Observer  
  126  27:24  Archon  
  125  27:42  Nexus  
  121  27:44  Pylon  
  115  28:09  Tempest (Chrono Boost)  
  115  28:12  Zealot x3  
  111  28:23  Zealot x2  
  114  28:33  Nexus  
  114  28:42  Probe x2  
  114  28:43  Probe x2  
  122  29:06  Tempest (Chrono Boost)  
  122  29:23  Tempest (Chrono Boost)  
  126  29:31  Assimilator  
  126  29:34  Assimilator  
  126  29:39  Probe  
  126  29:40  Probe x2  
  129  29:52  Tempest (Chrono Boost)  
  125  29:59  Pylon  
  125  30:09  Phoenix (Chrono Boost)  
  125  30:14  Probe x2  
  124  30:15  Probe x2  
  123  30:22  Tempest (Chrono Boost)  
  127  30:32  High Templar x2  
  131  30:45  Observer  
  131  30:49  Zealot x4  
  141  31:04  Oracle (Chrono Boost)  
  141  31:05  Probe  
  141  31:07  Probe x2  
  143  31:24  Nexus  
  143  31:34  Tempest (Chrono Boost)  
  139  31:43  Warp Prism  
  139  31:53  Probe  
  139  31:55  Probe x3  
  139  31:57  Dark Shrine, Pylon  
  139  31:59  Zealot x2  
  147  32:04  Zealot  
  149  32:15  Zealot x2  
  151  32:23  Zealot x2  
  151  32:24  Zealot  
  133  32:58  High Templar x2  
  133  32:59  High Templar x2  
  133  33:00  High Templar x2  
  133  33:03  Archon  
  133  33:04  Archon  
  81  33:42  Stalker x6  
  68  34:03  Observer  
  68  34:06  Stalker x5  
  68  34:08  Probe  
  79  34:16  Assimilator  
  76  34:17  Assimilator  
  76  34:20  Probe  
  77  34:30  Stalker x2, Zealot x3  
  77  34:31  Zealot  
  89  34:32  Probe  
  47  34:55  Zealot x2  
  47  34:56  Zealot x4  
Show
View Real Time Build Order
Export as new Build Order

AcerBly Zerg - Winner!

Build Orders: Hatch First, Lurkers 

Get SALT Encoding   

  12  0:01  Drone  
  13  0:12  Overlord  
  13  0:17  Drone  
  14  0:31  Drone x2  
  14  0:35  Drone  
  17  0:53  Hatchery  
  16  1:05  Spawning Pool  
  16  1:06  Drone  
  16  1:10  Drone  
  17  1:14  Drone  
  17  1:17  Drone  
  19  1:38  Hatchery  
  18  1:52  Zergling x6  
  21  1:59  Queen  
  21  2:00  Extractor  
  23  2:05  Zergling x2  
  24  2:09  Queen  
  24  2:14  Drone  
  27  2:17  Drone  
  28  2:23  Overlord  
  28  2:27  Overlord  
  28  2:40  Queen  
  28  2:44  Drone x3  
  33  2:52  Queen  
  33  2:56  Drone x2  
  37  3:05  Zergling x8  
  41  3:13  Drone  
  41  3:14  Drone x2  
  42  3:24  Drone x2  
  42  3:25  Drone x4  
  47  3:30  Extractor  
  47  3:31  Extractor  
  47  3:32  Drone x2  
  47  3:37  Drone x2  
  47  3:38  Drone  
  49  3:44  Overlord  
  49  3:48  Overlord  
  49  3:51  Overlord  
  49  4:00  Overlord  
  49  4:04  Drone x3  
  51  4:10  Drone x4  
  51  4:11  Drone x4  
  51  4:13  Drone  
  51  4:16  Drone x2  
  61  4:22  Lair  
  61  4:23  Drone  
  62  4:29  Spore Crawler  
  62  4:31  Spore Crawler  
  60  4:33  Drone x3  
  60  4:35  Metabolic Boost  
  63  4:43  Drone  
  63  4:44  Drone x6  
  70  4:48  Drone x3  
  73  4:55  Roach Warren, Extractor  
  73  4:57  Drone x2  
  73  5:02  Overlord  
  73  5:05  Overlord  
  73  5:08  Overlord  
  73  5:12  Overlord x2, Extractor  
  73  5:13  Extractor  
  71  5:16  Extractor  
  69  5:25  Drone x3  
  69  5:26  Drone, Spire  
  69  5:27  Hatchery, Overlord  
  70  5:32  Drone x3  
  70  5:33  Drone  
  74  5:37  Drone  
  74  5:38  Drone x3  
  74  5:41  Overlord  
  78  5:47  Overlord  
  78  5:50  Overlord  
  78  5:54  Drone  
  78  5:55  Drone x3, Hydralisk Den  
  78  5:56  Spore Crawler  
  80  6:05  Glial Reconstitution, Roach x4  
  87  6:15  Roach x2  
  87  6:16  Roach x4  
  99  6:20  Roach x2  
  103  6:28  Roach x5  
  113  6:36  Roach x2  
  117  6:44  Ravager x5  
  117  6:45  Roach  
  117  6:46  Roach x6  
  133  7:11  Roach x2  
  133  7:12  Overlord x3  
  137  7:19  Hatchery  
  137  7:20  Overlord  
  137  7:21  Infestation Pit  
  135  7:23  Overlord  
  125  7:44  Roach  
  125  7:45  Roach x11  
  125  7:49  Lurker Den  
  149  7:54  Overlord  
  149  7:59  Hive, Hatchery  
  149  8:01  Drone  
  149  8:02  Drone x12  
  161  8:10  Overlord  
  161  8:12  Hydralisk x4, Extractor  
  160  8:16  Extractor  
  160  8:19  Overseer  
  167  8:28  Hydralisk x3  
  167  8:29  Hydralisk x3  
  167  8:32  Overlord  
  179  8:51  Spore Crawler  
  179  8:54  Spore Crawler, Overseer  
  177  8:56  Spore Crawler  
  174  9:15  Lurker x2  
  174  9:16  Hatchery, Lurker x7  
  182  9:20  Zergling x2  
  182  9:21  Zergling x22  
  182  9:24  Overlord, Adrenal Glands  
  194  9:25  Evolution Chamber, Ultralisk Cavern  
  194  9:27  Evolution Chamber  
  191  9:38  Spore Crawler  
  191  9:42  Spore Crawler  
  191  9:43  Spore Crawler  
  191  9:45  Spore Crawler  
  181  9:54  Zerg Ground Armor Level 1, Zerg Melee Weapons Level 1  
  175  10:02  Spire  
  175  10:05  Drone x3  
  173  10:13  Overseer  
  173  10:14  Pneumatized Carapace  
  173  10:15  Chitinous Plating  
  173  10:19  Extractor  
  172  10:24  Extractor  
  172  10:25  Extractor  
  170  10:30  Extractor  
  166  10:35  Drone  
  166  10:36  Drone x9  
  166  10:37  Drone x2  
  166  10:41  Drone x2  
  176  10:51  Drone x2  
  166  11:17  Mutalisk x10  
  166  11:18  Mutalisk x9  
  188  11:24  Spore Crawler  
  188  11:25  Spore Crawler  
  198  11:26  Spore Crawler  
  197  11:36  Mutalisk  
  156  12:11  Mutalisk x9  
  158  12:19  Drone x2  
  158  12:21  Mutalisk x6  
  158  12:22  Mutalisk  
  174  12:26  Drone x2  
  174  12:28  Extractor  
  175  12:43  Drone x2  
  175  12:45  Viper x3  
  164  13:07  Mutalisk x5  
  157  13:24  Ultralisk  
  157  13:25  Ultralisk  
  169  13:27  Zergling x10  
  169  13:28  Zergling x16  
  176  13:39  Zergling x18  
  182  13:47  Zergling x6  
  183  13:57  Drone  
  183  13:58  Drone x4  
  181  14:20  Mutalisk x7  
  195  14:28  Mutalisk x3  
  187  15:01  Mutalisk x6  
  199  15:14  Drone x4  
  196  15:16  Overlord  
  189  15:46  Mutalisk x6  
  199  15:57  Zerg Melee Weapons Level 2  
  199  15:59  Zerg Flyer Weapons Level 1  
  199  16:01  Drone x2, Spore Crawler  
  199  16:02  Spore Crawler  
  199  16:03  Spore Crawler  
  198  16:08  Spore Crawler  
  190  16:12  Hatchery  
  189  16:31  Mutalisk  
  189  16:32  Mutalisk x8  
  199  16:36  Queen x2  
  199  16:38  Viper  
  194  17:00  Mutalisk x5  
  192  17:53  Zerg Flyer Armor Level 1  
  192  18:01  Viper x2  
  198  18:12  Extractor  
  198  18:15  Spire  
  198  18:17  Spore Crawler, Extractor  
  194  18:20  Spine Crawler  
  194  18:24  Spine Crawler  
  192  18:27  Hatchery  
  173  18:54  Corruptor x9  
  182  19:10  Zergling x2  
  182  19:11  Zergling x28  
  180  19:25  Ultralisk x3  
  189  19:57  Greater Spire  
  189  20:02  Zergling x14  
  189  20:03  Zergling x8  
  189  20:06  Hatchery  
  189  21:02  Hatchery  
  162  21:28  Drone  
  163  21:33  Hatchery  
  163  21:35  Corruptor x3  
  163  21:36  Hatchery, Corruptor x2  
  163  21:37  Corruptor x7  
  163  21:38  Corruptor x3  
  180  22:11  Brood Lord x6  
  180  22:14  Drone x7  
  196  22:42  Drone x3  
  199  22:44  Extractor  
  199  22:46  Extractor  
  199  22:48  Spore Crawler  
  199  22:49  Hatchery, Spore Crawler  
  189  23:04  Drone x2  
  189  23:05  Drone  
  190  23:06  Drone x3  
  190  23:11  Drone x3  
  194  23:24  Drone x2  
  194  23:25  Drone  
  197  23:32  Zerg Melee Weapons Level 3  
  197  23:39  Brood Lord  
  199  23:49  Spore Crawler x2  
  199  23:51  Spore Crawler x2  
  199  23:52  Spore Crawler x3  
  199  23:53  Spore Crawler x2  
  190  23:57  Extractor  
  190  23:58  Brood Lord x3  
  190  23:59  Brood Lord  
  206  24:15  Zergling x6  
  199  24:26  Extractor  
  199  24:29  Extractor  
  197  24:36  Corruptor  
  197  24:37  Corruptor x5  
  193  24:41  Zergling x4  
  193  24:42  Zergling x12  
  183  24:58  Corruptor x2  
  169  25:03  Corruptor  
  169  25:05  Queen  
  110  25:19  Corruptor  
  110  25:21  Queen x4  
  107  25:24  Spore Crawler  
  107  25:26  Spore Crawler  
  107  25:28  Spore Crawler  
  105  25:33  Drone x3  
  102  25:36  Viper  
  102  25:41  Queen  
  101  25:49  Drone x2  
  104  25:50  Drone  
  101  26:07  Queen x2  
  101  26:08  Viper x2  
  111  26:18  Zergling x16  
  112  26:19  Zergling x14  
  112  26:20  Drone  
  112  26:23  Spore Crawler  
  126  26:26  Spore Crawler  
  121  26:38  Drone  
  121  26:39  Drone  
  123  26:40  Drone  
  123  26:41  Drone x2  
  117  27:01  Zergling x6  
  115  27:14  Brood Lord x3  
  119  27:21  Zergling x2  
  117  27:42  Brood Lord  
  117  27:43  Brood Lord x2  
  122  28:06  Brood Lord x2  
  113  28:29  Corruptor x2  
  117  28:42  Zergling x6  
  117  28:43  Zergling x4  
  122  28:49  Hatchery  
  117  29:23  Corruptor x3  
  122  29:25  Zergling x12  
  128  29:35  Extractor  
  127  29:39  Extractor  
  126  29:51  Drone x7  
  129  30:04  Drone  
  130  30:09  Drone  
  130  30:10  Drone x3  
  132  30:23  Drone  
  132  30:24  Drone x3  
  136  30:41  Overseer x4  
  133  31:07  Zergling x20  
  133  31:08  Zergling x8  
  145  31:26  Zergling x2  
  145  31:27  Zergling x4  
  147  31:36  Hatchery  
  147  31:38  Spore Crawler  
  139  31:56  Corruptor x4  
  144  32:20  Corruptor x3  
  144  32:21  Corruptor  
  150  32:35  Zergling x14  
  135  32:53  Corruptor x3  
  140  33:12  Corruptor x2  
  140  33:13  Corruptor  
  112  33:45  Zergling x26  
  111  33:57  Zergling x12  
  113  34:04  Brood Lord x3  
  117  34:17  Zergling x2  
  117  34:18  Zergling x12  
  123  34:37  Zergling x20  
  121  34:43  Zergling x4  
Tags
 
Add a new tag
Caveats
  • Supply blocks, unpowered buildings, or Contaminate may cause inaccurate times.
  • Supply counts are checked every 10 seconds.